 Dungeon Crawl Stone Soup version 0.29.1-15-g9cfb28693d (webtiles) character file.

Game seed: 4156971572362916572

12739 croobank the Sneak (level 11, -1/84 HPs)
             Began as a Demonspawn Fire Elementalist on Apr 17, 2023.
             Slain by a slime creature (10 damage)
             ... on level 12 of the Dungeon.
             The game lasted 00:45:31 (15903 turns).

croobank the Sneak (Demonspawn Fire Elementalist)  Turns: 15903, Time: 00:45:31

Health: -1/84      AC: 10    Str:  9    XL:     11   Next: 66%
Magic:  0/21       EV: 14    Int: 27    God:
Gold:   660        SH:  0    Dex: 13    Spells: 14/24 levels left

rFire   . . .      SeeInvis .   E - +5 quarterstaff (chaos)
rCold   . . .      Faith    .   (shield currently unavailable)
rNeg    . . .      Spirit   +   n - +5 leather armour of the Lizard {rElec}
rPois   .          Reflect  .   (helmet currently unavailable)
rElec   +          Harm     .   D - +1 cloak {Will+}
rCorr   .          Rampage  .   (no gloves)
Will    ++...                   (boots currently unavailable)
Stlth   +++.......              p - amulet of magic regeneration
HPRegen 0.24/turn               u - +6 ring of intelligence
MPRegen 0.74/turn               G - ring of willpower

@: appendages, wereblooded, hasted, very quick
A: horns 2, talons 2, hooves 1, ignite blood 1, magic shield, magic regeneration
a: End Transformation


You were on level 12 of the Dungeon.
You had temporarily grown beastly horns and talons.
You visited 2 branches of the dungeon, and saw 13 of its levels.
You also visited: Sewer.

You collected 780 gold pieces.
You spent 120 gold pieces at shops.

Inventory:

Hand Weapons
 b - a +0 war axe
 c - a +0 short sword
 e - a +0 dagger
 g - a +0 long sword
 i - a +0 trident
 r - a +1 vorpal mace
 C - a +3 flail of draining
 E - a +5 quarterstaff of chaos (weapon)
 H - a +0 club of chaos
 I - a +2 spear of chaos
 P - a +1 short sword of speed
 Q - a +4 morningstar
Missiles
 h - 9 silver javelins
 s - 12 poisoned darts (quivered)
 v - 3 throwing nets
Armour
 n - the +5 leather armour of the Lizard (worn) {rElec}
   (You found it on level 2 of the Dungeon)

   rElec:     It insulates you from electricity.
 y - a +0 helmet (melded)
 A - +0 steam dragon scales
 D - a +1 cloak of willpower (worn)
 R - a +0 buckler
 V - a +0 troll leather armour
Magical Staves
 F - a staff of death
 U - a staff of air
Jewellery
 a - a ring of flight
 m - an amulet of regeneration
 p - an amulet of magic regeneration (around neck)
 u - a +6 ring of intelligence (left hand)
 G - a ring of willpower (right hand)
 T - a +6 ring of strength
Wands
 d - a wand of flame (22)
 x - a wand of charming (12)
 M - a wand of polymorph (10)
 Z - a wand of quicksilver (4)
Scrolls
 k - a scroll of noise
 o - 2 scrolls of fear
 z - a scroll of enchant armour
 K - 2 scrolls of butterflies
 N - a scroll of vulnerability
 O - 9 scrolls of identify
 X - a scroll of immolation
 Y - a scroll of teleportation
Potions
 f - 2 potions of attraction
 j - 5 potions of berserk rage
 l - 9 potions of flight
 q - 3 potions of lignification
 t - 2 potions of haste
 w - 4 potions of might
 B - 4 potions of cancellation {unknown}
 J - a potion of ambrosia {unknown}
 L - a potion of magic
 W - a potion of curing


   Skills:
 + Level 7.3 Fighting
 - Level 3.0 Armour
 + Level 6.9 Dodging
 + Level 7.6 Stealth
 + Level 7.1 Spellcasting
 + Level 7.4 Conjurations
 + Level 3.6 Transmutations
 + Level 7.4 Fire Magic


You had 14 spell levels left.
You knew the following spells:

 Your Spells              Type           Power      Damage    Failure   Level
a - Foxfire               Conj/Fire      100%       2x1d9     1%          1
b - Scorch                Fire           98%        2d9       1%          2
c - Flame Wave            Conj/Fire      49%        2d12      3%          4
d - Beastly Appendage     Tmut           58%        N/A       1%          1
e - Wereblood             Tmut           29%        N/A       2%          2

Your spell library contained the following spells:

 Spells                   Type           Power      Damage    Failure   Level
 Conjure Flame            Conj/Fire      49%        6-21      1%          3
 Passwall                 Tmut/Erth      15%        N/A       5%          2
 Inner Flame              Hex/Fire       29%        N/A       5%          3
 Stone Arrow              Conj/Erth      58%        3d10      5%          3
 Sandblast                Erth           18%        2d7       8%          1
 Spider Form              Tmut/Pois      19%        N/A       11%         3
 Blink                    Tloc           18%        N/A       12%         2
 Irradiate                Conj/Tmut      19%        3d18      22%         5
 Lesser Beckoning         Tloc           9%         N/A       24%         3
 Blade Hands              Tmut           14%        N/A       43%         5
 Animate Armour           Summ/Erth      18%        N/A       61%         4
 Animate Dead             Necr           9%         N/A       61%         4
 Cause Fear               Hex            4%         N/A       61%         4
 Manifold Assault         Tloc           9%         N/A       91%         5
 Dragon Form              Tmut           14%        N/A       100%        7
 Haunt                    Necr/Summ      4%         N/A       100%        7
 Infestation              Necr           4%         N/A       100%        8
 Lehudib's Crystal Spear  Conj/Erth      14%        10d5      100%        8
 Dragon's Call            Summ           4%         N/A       100%        9


Dungeon Overview and Level Annotations

Branches:
Dungeon (12/15)            Temple (1/1) D:7            Lair (0/5) D:11
  Sewer (visited)
    Orc: D:9-12

Altars:
Ashenzari
Cheibriados
Dithmenos
Fedhas
Gozag
Hepliaklqana
Kikubaaqudgha
Makhleb
Nemelex Xobeh
Okawaru
Qazlal
Ru
Sif Muna
Trog
Uskayaw
Vehumet
Wu Jian
Xom
Yredelemnul

Shops:
D:6 :   D:10 ?

Annotations:
D:10 2 transporters, wextippler1's ghost, journeyman KoEn


Innate Abilities, Weirdness & Mutations

You have temporarily grown beastly horns and talons.
You have large cloven feet.
Your demonic aura sometimes causes spilled blood to erupt in flames.
When hurt, damage is shared between your health and your magic reserves.
You regenerate magic rapidly.


Message History

Confirm with . or Enter, or press ? or * to list all spells.
Flames lash the slime creature.
The slime creature is lightly wounded.
The slime creature's fire resistance burns away.
The slime creature hits you.
Two slime creatures merge to form a large slime creature.
Two slime creatures merge to form a very large slime creature.
Casting: Scorch (safe; 1% risk of failure)
Confirm with . or Enter, or press ? or * to list all spells.
Flames lash the very large slime creature.
The very large slime creature is burned terribly!
The very large slime creature is lightly wounded.
Two slime creatures merge to form an enormous slime creature.
Casting: Scorch (safe; 1% risk of failure)
Confirm with . or Enter, or press ? or * to list all spells.
Flames lash the enormous slime creature.
The enormous slime creature is burned terribly!
The enormous slime creature is lightly wounded.
You hit the enormous slime creature.
Your kick misses the enormous slime creature.
You headbutt the enormous slime creature.
The enormous slime creature is lightly wounded.
The enormous slime creature attacks as you move away!
The enormous slime creature hits you!!!
Ouch! That really hurt!
The enormous slime creature is engulfed in blazing flames.
Blink to where?
Press: ? - help, Dir - move target
As you read the scroll of blinking, it crumbles to dust.
The enormous slime creature is engulfed in blazing flames.
The slime creature quivers. x2
The slime creature hits you! x2
* * * LOW HITPOINT WARNING * * *
Casting: Scorch (safe; 1% risk of failure)
Confirm with . or Enter, or press ? or * to list all spells.
Okay, then.
You feel yourself speed up. The slime creature hits you!
* * * LOW HITPOINT WARNING * * *
The slime creature hits you!
You die...

#.......# ###
#.......# ....
#.......# ####.....
#.......#####........
#...J...##....##.....
#...J...'J.#### ....
#.......#### ...
####J#### ..
#####@J## . #.......#
#.#####.# #...#...#
#.#.##### #.#.#...
#.#.#.#####.
#.#.........
####'#######


You could see 4 slime creatures.

Vanquished Creatures
  5 two-headed ogres
  A tengu warrior (D:10)
  A wizard (D:10)
  A cyclops (D:11)
  A troll (D:11)
  Sigmund (D:5)
  A vampire (D:11)
  19 yaks
  2 wraiths (D:11)
  4 vampire mosquitoes (D:8)
  Menkaure (D:6)
  A steam dragon (D:10)
  A water moccasin (D:9)
  2 orc warriors
  3 black bears
  2 ice beasts (D:6)
  2 sky beasts
  4 centaurs
  5 ogres
  2 phantoms
  A kobold brigand (D:8)
  4 bullfrogs
  3 necrophages
  Blork the orc (D:6)
  3 scorpions
  5 wights
  4 howler monkeys (D:11)
  2 jellies
  2 hounds
  5 orc priests
  Crazy Yiuf (D:6)
  2 gnoll boudas
  Ijyb (D:5)
  2 iguanas (D:6)
  7 orc wizards
  19 gnolls
  13 adders
  5 river rats (Sewer)
  2 shadow imps
  2 ufetubi
  8 worms
  4 dart slugs
  25 orcs
  13 bats
  7 endoplasms
  4 giant cockroaches
  16 goblins
  11 hobgoblins
  2 jackals (Sewer)
  12 quokkas
  10 ball pythons
  8 frilled lizards
  14 kobolds
  13 rats
290 creatures vanquished.

Vanquished Creatures (others)
  585 foxfires
  3 plants (D:10)
588 creatures vanquished.

Grand Total: 878 creatures vanquished

Notes
Turn   | Place    | Note
-------+----------+-------------------------------------------
     0 | D:1      | croobank the Demonspawn Fire Elementalist began the quest
                  | for the Orb.
     0 | D:1      | Reached XP level 1. HP: 13/13 MP: 3/3
   345 | D:1      | Gained mutation: Your demonic aura sometimes causes spilled
                  | blood to erupt in flames. [demonic ancestry]
   345 | D:1      | Reached XP level 2. HP: 19/19 MP: 0/5
   396 | D:1      | Learned a level 2 spell: Scorch
  1740 | D:2      | Gained mutation: You regenerate magic rapidly. [demonic
                  | ancestry]
  1740 | D:2      | Reached XP level 3. HP: 17/25 MP: 0/6
  1837 | D:2      | Identified the +5 leather armour of the Lizard {rElec}
  2636 | D:3      | Reached XP level 4. HP: 31/31 MP: 3/7
  2686 | D:3      | Reached skill level 1 in Fighting
  2941 | D:3      | Found a snail-covered altar of Cheibriados.
  2957 | D:3      | Reached skill level 1 in Armour
  3035 | D:3      | Found a bloodstained altar of Trog.
  3208 | D:3      | Found a faded altar of an unknown god.
  3222 | D:3      | Gained mutation: When hurt, damage is shared between your
                  | health and your magic reserves. [demonic ancestry]
  3222 | D:3      | Reached XP level 5. HP: 17/37 MP: 1/8
  3564 | D:3      | Found a burning altar of Makhleb.
  3723 | D:4      | Found a stormy altar of Qazlal.
  4207 | D:4      | Noticed a phantom
  4213 | D:3      | Gained mutation: You have large cloven feet. [demonic
                  | ancestry]
  4213 | D:3      | Reached XP level 6. HP: 28/44 MP: 3/10
  4856 | D:4      | Reached XP level 7. HP: 44/50 MP: 6/11
  5405 | D:5      | Entered Level 5 of the Dungeon
  5406 | D:5      | Noticed Sigmund
  5414 | D:5      | Killed Sigmund
  5421 | D:5      | Reached XP level 8. HP: 13/58 MP: 1/13
  5681 | D:5      | Noticed Ijyb
  5685 | D:5      | Killed Ijyb
  5937 | D:5      | Found a sparkling altar of Nemelex Xobeh.
  5958 | D:5      | Learned a level 4 spell: Flame Wave
  5960 | D:5      | Learned a level 1 spell: Beastly Appendage
  5963 | D:5      | Learned a level 2 spell: Wereblood
  6509 | D:6      | Reached skill level 5 in Fire Magic
  6509 | D:6      | Reached XP level 9. HP: 65/65 MP: 10/15
  6547 | D:6      | Noticed Menkaure
  6549 | D:6      | Killed Menkaure
  6550 | D:6      | Reached skill level 5 in Stealth
  6570 | D:6      | Found a radiant altar of Vehumet.
  6692 | D:6      | Found a glowing drain.
  6696 | Sewer    | Entered a sewer
  7629 | D:6      | Found an ancient bone altar of Kikubaaqudgha.
  7647 | D:6      | Found Qiloug's Book Shoppe.
  7657 | D:6      | Reached skill level 5 in Conjurations
  7664 | D:6      | Reached skill level 5 in Spellcasting
  7786 | D:6      | Noticed Blork the orc
  7792 | D:6      | Killed Blork the orc
  7826 | D:6      | Found a runed translucent door.
  7827 | D:6      | Noticed Crazy Yiuf
  7832 | D:6      | Killed Crazy Yiuf
  7930 | D:6      | Found a basalt altar of Yredelemnul.
  8215 | D:7      | Reached skill level 5 in Dodging
  8217 | D:7      | Reached skill level 5 in Fighting
  8807 | D:7      | Found a shimmering altar of Xom.
  9192 | D:7      | Found a staircase to the Ecumenical Temple.
  9198 | Temple   | Entered the Ecumenical Temple
  9827 | D:8      | Reached XP level 10. HP: 21/74 MP: 0/18
 10418 | D:9      | Noticed a two-headed ogre
 10427 | D:9      | Killed a two-headed ogre
 10443 | D:9      | Found a hazy altar of Hepliaklqana.
 10467 | D:9      | Noticed a two-headed ogre
 10481 | D:9      | Killed a two-headed ogre
 10484 | D:9      | Reached skill level 1 in Transmutations
 10498 | D:9      | Found an iron altar of Okawaru.
 10498 | D:9      | Found a broken altar of Ashenzari.
 10715 | D:9      | Noticed a two-headed ogre
 10725 | D:9      | Killed a two-headed ogre
 11683 | D:10     | Entered Level 10 of the Dungeon
 11741 | D:10     | Found Wibeloimm's Magic Scroll Shop.
 11751 | D:10     | Bought a scroll of identify for 24 gold pieces
 11751 | D:10     | Bought a scroll of identify for 24 gold pieces
 11751 | D:10     | Bought a scroll of identify for 24 gold pieces
 11751 | D:10     | Bought a scroll of identify for 24 gold pieces
 11751 | D:10     | Bought a scroll of identify for 24 gold pieces
 11756 | D:10     | Noticed a tengu warrior
 11765 | D:10     | HP: 2/77 [yak (10)]
 11765 | D:10     | Killed a tengu warrior
 12112 | D:9      | Reached XP level 11. HP: 27/83 MP: 3/20
 12231 | D:10     | Found a transporter.
 12679 | D:10     | Noticed wextippler1's ghost (journeyman KoEn)
 13351 | D:10     | Noticed a wizard
 13357 | D:10     | Killed a wizard
 13453 | D:10     | Found a hide-covered altar of Uskayaw.
 14006 | D:10     | Found a transporter.
 14034 | D:10     | Identified the +1 chain mail of Parlour Games {rF- rN+
                  | Will+ Regen+}
 14960 | D:11     | Found a staircase to the Lair.
 15409 | D:11     | Noticed a two-headed ogre
 15417 | D:11     | Killed a two-headed ogre
 15698 | D:11     | Noticed a two-headed ogre
 15705 | D:11     | Killed a two-headed ogre
 15903 | D:12     | Slain by a slime creature

Illustrated notes

Levels and vault maps discovered:
D:1:      eino_arrival_cavern_b, layout_basic, chequers_serial_rivers_marsh
D:2:      layout_rooms
D:3:      layout_rooms, cheibrodos_worm_habitat, marbit_many_paths,
          trog_hazing_becter, nicolae_ecumenical_snake_handling
D:4:      layout_rooms, lemuel_crystal_altar
D:5:      layout_rooms, nemelex_dance_club_becter, minmay_ogre_servants,
          uniq_sigmund, uniq_ijyb
D:6:      layout_basic, kennysheep_ying_yang,
          mainiacjoe_overflow_six_doors_small, general_overflow_altar,
          serial_shops, shop, gup_sewer_entry_spiral, dk_noncrumbling_3,
          uniq_blork_the_orc, uniq_crazy_yiuf_cottage, uniq_menkaure
D:7:      layout_rooms, tgw_xom, minmay_temple_entry_enclosed_plants
D:8:      layout_basic, serial_curves, eino_curves_01, eino_curves_04
D:9:      layout_long_grid, mainiacjoe_overflow_alcove_1, jmf_multi_god_temple
D:10:     layout_long_grid, mainiacjoe_overflow_boulevard, serial_shops, shop,
          enter_bailey_5, gammafunk_ghost_stat_death, item_on_display_a
D:11:     layout_long_grid, lair_entry_dummy
D:12:     layout_roguey, minmay_orc_entry_temple_small
Temple:   nicolae_temple_godpark

Skill      XL: |  1  2  3  4  5  6  7  8  9 10 11 |
---------------+----------------------------------+-----
Stealth        | 2 3 4 5 6 7 |  7.6
Dodging        | 2 3 4 5 6 |  6.9
Fire Magic     | 3 4 5 6 7 |  7.4
Fighting       | 1 2 3 4 5 6 7 |  7.3
Armour         | 1 2 3 |  3.0
Conjurations   | 2 3 4 5 6 7 |  7.4
Spellcasting   | 3 4 5 6 7 |  7.1
Transmutations | 2 3 |  3.6

Action                   |  1- 3 |  4- 6 |  7- 9 | 10-12 || total
-------------------------+-------+-------+-------+-------++-------
Melee: Short sword       |    14 |    24 |    45 |       ||    83
       Kick              |       |       |    29 |    37 ||    66
       Quarterstaff      |       |       |    50 |   108 ||   158
       Headbutt          |       |       |     5 |    19 ||    24
Throw: Dart              |     8 |       |       |       ||     8
       Javelin           |     1 |       |       |       ||     1
 Cast: Foxfire           |    38 |    43 |   171 |    91 ||   343
       Scorch            |    23 |    68 |   105 |    59 ||   255
       Flame Wave        |       |       |     2 |     3 ||     5
       Beastly Appendage |       |       |     8 |    15 ||    23
       Wereblood         |       |       |     7 |    18 ||    25
Evoke: Wand              |       |       |       |     2 ||     2
  Use: Potion            |       |     5 |       |     4 ||     9
       Scroll            |       |     3 |    16 |     5 ||    24
 Stab: Sleeping          |     1 |       |     2 |     1 ||     4
Armor: Robe              |     3 |       |       |       ||     3
       Leather armour    |     1 |    48 |    67 |    84 ||   200
Dodge: Dodged            |    14 |    89 |   137 |   153 ||   393
